 Dungeon Crawl Stone Soup version 0.29.0-15-g675c0067aa (webtiles) character file.

Game seed: 17219000003796011796

95 Tsarbomb the Chopper (level 4, -2/28 HPs)
             Began as a Gargoyle Fighter on Sept 11, 2022.
             Slain by a white imp (3 damage)
             ... summoned by Natasha
             ... on level 3 of the Dungeon.
             The game lasted 00:03:34 (2218 turns).

Tsarbomb the Chopper (Gargoyle Fighter)             Turns: 2218, Time: 00:03:34

Health: -2/28      AC: 12    Str: 21    XL:     4   Next: 65%
Magic:  4/4        EV:  9    Int:  9    God:
Gold:   131        SH:  6    Dex:  9    Spells: 3/3 levels left

rFire   . . .      SeeInvis .   a - +0 war axe
rCold   . . .      Faith    .   f - +2 buckler
rNeg    + . .      Spirit   .   b - +0 scale mail
rPois   ∞          Reflect  .   (no helmet)
rElec   +          Harm     .   (no cloak)
rCorr   .          Rampage  .   k - +0 pair of gloves
Will    .....                   p - +0 pair of boots
Stlth   ..........              (no amulet)
HPRegen 0.09/turn               (no ring)
MPRegen 0.09/turn               (no ring)

@: no status effects
A: sickness immunity, AC +3, negative energy resistance 1, electricity
resistance, torment resistance 1, petrification resistance
a: no special abilities


You were on level 3 of the Dungeon.
You visited 1 branch of the dungeon, and saw 3 of its levels.

You collected 131 gold pieces.

Inventory:

Hand Weapons
 a - a +0 war axe (weapon)
Armour
 b - a +0 scale mail (worn)
 f - a +2 buckler (worn)
 k - a +0 pair of gloves (worn)
 p - a +0 pair of boots (worn)
Scrolls
 c - a scroll of noise {unknown}
 g - a scroll of enchant weapon {unknown}
 h - 3 scrolls of teleportation {unknown}
 j - 3 scrolls of identify {unknown}
 q - a scroll of vulnerability {unknown}
 s - a scroll of magic mapping {unknown}
 u - a scroll of amnesia {unknown}
Potions
 d - 3 potions of might
 e - 2 potions of mutation {unknown}
 i - a potion of cancellation {unknown}
 l - a potion of flight {unknown}
 m - a potion of degeneration {unknown}
 n - 2 potions of curing {unknown}
 o - a potion of ambrosia {unknown}
 r - 2 potions of brilliance
 t - a potion of haste {unknown}


   Skills:
 - Level 3.2 Fighting
 + Level 4.3 Axes
 - Level 3.2 Armour
 - Level 3.2 Shields


You had 3 spell levels left.
You didn't know any spells.
Your spell library contained the following spells:

 Spells                   Type           Power      Damage    Failure   Level
 Tukima's Dance           Hex            0%         N/A       99%         3
 Passage of Golubria      Tloc           0%         N/A       100%        4
 Yara's Violent Unravell  Hex/Tmut       0%         3d3       100%        5


Dungeon Overview and Level Annotations

Branches:
Dungeon (3/15)

Altars:

Shops:
D:2 :

Annotations:
D:3 Natasha


Innate Abilities, Weirdness & Mutations

You are immune to sickness and miasma.
Your stone body is resilient. (AC +3)
You are immune to poison.
You resist negative energy. (rN+)
You are resistant to electric shocks. (rElec)
You are resistant to unholy torment.
You are immune to petrification.


Message History

The shadow imp hits you but does no damage.
You block the kobold's attack.
You barely miss Natasha. You hit the kobold. You hit the shadow imp.
Natasha stares at you and mumbles some strange words.
You struggle to resist.
The shadow imp hits you. You block the kobold's attack.
You slash the kobold!
You kill the kobold!
You closely miss the shadow imp. You closely miss Natasha.
Natasha mumbles some strange words.
The shadow imp gestures at you. Pain shoots through your body!
Natasha claws you.
The shadow imp shouts, "Fly, thou plume-plucked tardy-gaited mendicant!"
The shadow imp hits you.
Unknown command.
You barely miss Natasha. You closely miss the shadow imp.
Natasha claws you but does no damage. The shadow imp barely misses you.
You slash Natasha!
Natasha is heavily wounded.
You hit the shadow imp but do no damage.
Natasha stares at you and mumbles some strange words.
The magic dart hits you but does no damage.
The shadow imp barely misses you. Natasha claws you.
You block the white imp's attack. The shadow imp gestures at you.
Pain shoots through your body!
You closely miss Natasha.
Natasha is heavily wounded.
You completely miss the shadow imp. You closely miss the white imp.
Natasha casts a spell at you.
The magic dart hits you but does no damage.
The white imp gestures at you.
The puff of frost hits you but does no damage.
The shadow imp hits you but does no damage.
Natasha barely misses you. The shadow imp hits you.
You block the white imp's attack.
You barely miss Natasha.
Natasha is heavily wounded.
You closely miss the shadow imp. You hit the white imp. Natasha claws you!
* * * LOW HITPOINT WARNING * * *
The white imp hits you.
You die...

#.....†.##.#.## #
##............# #
#######....#.# #
##<(...#P# #
##### ##......♣~♣
#
#..)..#..####.♣~~
# #.....#..#
##~~P
........#### .P##
#.....)@5..# ...#
.......5h..#
###...
......##...# ...
...... .....
...PP. .....#
...P.P ...#..#


PP... ...##.. P..8 ...# ## You could see Natasha (empowered), a white imp
(summoned) and a shadow imp (summoned).

Vanquished Creatures
  4 gnolls (D:2)
  2 worms (D:2)
  2 dart slugs
  3 bats
  5 endoplasms (D:1)
  4 giant cockroaches (D:1)
  3 goblins (D:1)
  3 hobgoblins
  4 jackals (D:1)
  5 kobolds
  2 quokkas (D:1)
  3 ball pythons
  A frilled lizard (D:1)
  3 rats
44 creatures vanquished.

Notes
Turn   | Place    | Note
-------+----------+-------------------------------------------
     0 | D:1      | Tsarbomb the Gargoyle Fighter began the quest for the Orb.
     0 | D:1      | Reached XP level 1. HP: 14/14 MP: 1/1
    38 | D:1      | Reached skill level 2 in Axes
    71 | D:1      | Reached XP level 2. HP: 15/19 MP: 2/2
   432 | D:1      | Reached skill level 3 in Axes
   436 | D:1      | Reached XP level 3. HP: 15/23 MP: 3/3
   994 | D:2      | Found Ucoawam's Book Shoppe.
  1170 | D:2      | Found a faded altar of an unknown god.
  1354 | D:2      | Reached XP level 4. HP: 16/28 MP: 4/4
  1357 | D:2      | Reached skill level 4 in Axes
  2207 | D:3      | Noticed Natasha
  2218 | D:3      | HP: 1/28 [Natasha (8)]
  2218 | D:3      | Slain by a white imp

Illustrated notes

Levels and vault maps discovered:
D:1:      eino_arrival_cavern_e, layout_basic, chequers_arboretum
D:2:      layout_basic, serial_shops, nicolae_shop_statue_plus,
          dreamdust_ecumenical_altar_angels_and_demons, grunt_ministairs_14
D:3:      layout_rooms, gammafunk_temple_overflow_elements,
          dreamdust_mushroom_princess, minivault_4, serial_bayou_pond_d,
          chequers_serial_rivers_room_a, wander_ebering_terrifying_dragon_lair,
          uniq_natasha

Skill      XL: |  1  2  3  4 |
---------------+-------------+-----
Axes           | 2 3 4 |  4.3
Fighting       | |  3.2
Armour         | |  3.2
Shields        | |  3.2

Action                   |  1- 3 |  4- 6 || total
-------------------------+-------+-------++-------
Melee: War axe           |    95 |    30 ||   125
Armor: Scale mail        |    64 |    15 ||    79
Dodge: Dodged            |    40 |    11 ||    51
Block: Buckler           |    31 |    11 ||    42
